 Dungeon Crawl Stone Soup version 0.20-a0-1122-gb7cbeb9 (webtiles) character file.

48824 Eptagon the Severer (level 14, -3/193 HPs)
             Began as a Minotaur Berserker on May 13, 2017.
             Was the Champion of Trog.
             Slain by Snorg (17 damage)
             ... on level 11 of the Dungeon.
             The game lasted 00:24:29 (15591 turns).

Eptagon the Severer (Minotaur Berserker)           Turns: 15591, Time: 00:24:30

Health: -3/193     AC: 22    Str: 27    XL:     14   Next: 13%
Magic:  13/13      EV: 15    Int:  4    God:    Trog [******]
Gold:   1157       SH:  0    Dex: 17    Spells: 13/13 levels left

rFire    + . .     SeeInvis .   a - +4 battleaxe "Imp's Death" {holy, rF+ rN++}
rCold    . . .     Gourm    .   (shield currently unavailable)
rNeg     + + .     Faith    .   h - +0 plate armour {rPois}
rPois    +         Spirit   .   (helmet restricted)
rElec    .         Reflect  .   x - +0 cloak
rCorr    +         Harm     .   d - +1 pair of gloves (curse)
MR       +....                  (no boots)
Stlth    ..........             (no amulet)
Regen    0.5/turn               y - +2 ring of protection
MPRegen  0.2/turn               N - ring of resist corrosion

@: berserking, very quick
A: retaliatory headbutt, horns 2, thin skeletal structure 1
a: Berserk, Trog's Hand, Brothers in Arms, Burn Spellbooks, Renounce Religion


You were on level 11 of the Dungeon.
You worshipped Trog.
Trog was exalted by your worship.
You were near starving.

You visited 2 branches of the dungeon, and saw 17 of its levels.
You also visited: Sewer.

You collected 1157 gold pieces.

Inventory:

Hand Weapons
 a - the +4 battleaxe "Imp's Death" (weapon) {holy, rF+ rN++}
   (Trog gifted it to you on level 11 of the Dungeon)

   It has been blessed by the Shining One to cause great damage to the undead
   and demons.
   It protects you from fire.
   It greatly protects you from negative energy.
Missiles
 w - 10 silver javelins
 D - 13 tomahawks (quivered)
 T - 8 javelins
Armour
 d - a cursed +1 pair of gloves (worn)
 h - a +0 plate armour of poison resistance (worn)
 x - a +0 cloak (worn)
Jewellery
 y - a +2 ring of protection (left hand)
 N - a ring of resist corrosion (right hand)
Wands
 u - a wand of iceblast (12/15)
 A - a wand of digging (17/24)
 B - a wand of digging (15/24)
 E - a wand of disintegration (9/24)
 H - a wand of acid (12/15)
 J - a wand of lightning (7/15)
 R - a wand of iceblast (8/15)
Scrolls
 f - 8 scrolls of teleportation
 i - 6 scrolls of remove curse
 k - a scroll of blinking
 l - 4 scrolls of magic mapping
 n - 3 scrolls of summoning
 p - a scroll of enchant armour
 q - a scroll of recharging
 s - 3 scrolls of fear
 G - a scroll of torment {unknown}
Potions
 e - 5 potions of lignification
 g - 5 potions of flight
 j - a potion of cancellation
 m - a potion of might
 r - 8 potions of curing
 v - a potion of haste
 z - 3 potions of heal wounds
 C - a potion of invisibility
 I - a potion of ambrosia
 O - 3 potions of mutation
Miscellaneous
 M - 2 phantom mirrors
Comestibles
 b - 13 meat rations
 c - 7 bread rations
 o - 29 fruits
 t - 7 royal jellies


   Skills:
 + Level 13.3 Fighting
 * Level 17.9 Axes
 + Level 13.2 Armour
 + Level 12.3 Dodging


You had 13 spell levels left.
You didn't know any spells.

Dungeon Overview and Level Annotations

Branches:
Dungeon (11/15)            Temple (0/1) D:5            Lair (6/6) D:10
 Shoals (0/4) Lair:3        Snake (0/4) Lair:2        Slime (0/5) Lair:5
    Orc (0/2) D:11

Altars:
Cheibriados
Zin
The Shining One
Jiyva

Annotations:
D:11 Snorg


Innate Abilities, Weirdness & Mutations

You reflexively headbutt those who attack you in melee.
You have a pair of horns on your head.
You have a somewhat thin skeletal structure. (Dex +2, Stealth)


Message History

Snorg closely misses you. You furiously retaliate!
You headbutt Snorg. Snorg claws you.
* * * LOW HITPOINT WARNING * * *
Snorg completely misses you.
You slice Snorg!!
Snorg is heavily wounded.
Snorg bites you!
* * * LOW HITPOINT WARNING * * *
Snorg misses you. Snorg claws you!
* * * LOW HITPOINT WARNING * * *
You slice Snorg!!
Snorg is severely wounded.
Snorg barely misses you. You furiously retaliate!
You headbutt Snorg! Snorg closely misses you. x2
You slice Snorg!! Your headbutt misses Snorg.
Snorg is almost dead.
Snorg bites you.
* * * LOW HITPOINT WARNING * * *
Snorg claws you!
You die...

#####################
#........#.....#.....
#........#.....#.....
#........#.....#.....
#...@##'##.....#.....
#..T.#.........#.....
#....#.........#.....
#....#...############
###+##...#.....#.....
#...#.....+.....
#...#.....#.....
#...#.....#.....
#.....[.........


You could see Snorg (berserk).

Vanquished Creatures
  The ghost of Manul the Grappler, a journeyman TrMo (D:10)
  A hydra (Lair:5)
  Harold (Lair:4)
  A two-headed ogre (D:8)
  7 death yaks (Lair:6)
  Urug (D:11)
  2 unseen horrors
  2 wolf spiders (Lair:6)
  An ugly thing (D:11)
  3 elephants (Lair:2)
  7 black mambas
  A guardian serpent (Lair:6)
  17 spiny frogs
  8 komodo dragons
  7 rime drakes
  2 hornets (Lair:6)
  A polar bear (Lair:6)
  14 blink frogs
  5 dream sheep (Lair:6)
  12 hippogriffs
  Sigmund (D:2)
  3 redbacks (Lair:6)
  A wraith (D:11)
  23 wyverns
  26 yaks
  6 basilisks
  A naga (Lair:2)
  17 water moccasins
  2 hell hounds (D:10)
  7 porcupines
  An ice beast (D:9)
  A phantom (D:5)
  3 orc warriors
  2 sky beasts
  A hornet zombie (D:5)
  A black bear (D:6)
  6 ogres
  8 centaurs
  8 crocodiles
  9 big kobolds
  13 bullfrogs
  3 scorpions
  11 killer bees
  5 wights (D:10)
  7 howler monkeys
  2 crimson imps
  A centaur zombie (D:10)
  A quasit (D:11)
  An iron imp (D:9)
  A gnoll shaman (D:8)
  A jelly (D:6)
  12 orc wizards
  3 orc priests
  Crazy Yiuf (D:6)
  7 hounds
  A bullfrog skeleton (D:11)
  2 iguanas
  7 worker ants
  2 hound skeletons
  4 gnolls
  2 worker ant zombies (D:5)
  13 adders
  3 howler monkey skeletons
  A shadow imp (D:9)
  5 oozes (Sewer)
  2 adder zombies (D:5)
  7 worms
  2 dart slugs
  2 leopard geckos (D:4)
  26 orcs
  8 bats
  4 giant cockroaches
  9 goblins
  5 hobgoblins
  8 jackals
  3 quokkas
  5 ball pythons
  10 frilled lizards
  17 kobolds
  A leopard gecko skeleton (D:5)
  2 quokka skeletons
  15 rats
  3 fungi
  2 plants (Lair:6)
461 creatures vanquished.

Vanquished Creatures (collateral kills)
  5 hydras
  A spiny frog (Lair:6)
  4 blink frogs (Lair:1)
10 creatures vanquished.

Vanquished Creatures (others)
  7 fungi (Lair:6)
  7 plants
14 creatures vanquished.

Grand Total: 485 creatures vanquished

Notes
Turn   | Place    | Note
-------+----------+-------------------------------------------
     0 | D:1      | Eptagon the Minotaur Berserker began the quest for the Orb.
     0 | D:1      | Reached XP level 1. HP: 19/19 MP: 0/0
   165 | D:1      | Reached skill level 4 in Axes
   169 | D:1      | Reached XP level 2. HP: 19/27 MP: 1/1
   454 | D:1      | Reached XP level 3. HP: 33/33 MP: 2/2
   487 | D:1      | Reached ** piety under Trog
   793 | D:2      | Reached XP level 4. HP: 25/40 MP: 3/3
  1275 | D:2      | Noticed Sigmund
  1280 | D:2      | Killed Sigmund
  1280 | D:2      | Reached skill level 5 in Axes
  1280 | D:2      | Reached XP level 5. HP: 47/47 MP: 4/4
  1322 | D:2      | Found a glowing silver altar of Zin.
  1738 | D:3      | Reached XP level 6. HP: 51/53 MP: 5/5
  2071 | D:4      | Reached *** piety under Trog
  2074 | D:4      | Reached skill level 6 in Axes
  2078 | D:4      | Reached skill level 5 in Fighting
  2426 | D:4      | Reached XP level 7. HP: 61/61 MP: 6/6
  2625 | D:5      | Entered Level 5 of the Dungeon
  2702 | D:5      | Found a glowing drain.
  2736 | Sewer    | Entered a sewer
  2773 | Sewer    | Reached skill level 7 in Axes
  2989 | Sewer    | Reached skill level 5 in Armour
  3117 | Sewer    | Reached **** piety under Trog
  3270 | Sewer    | Reached skill level 8 in Axes
  3270 | Sewer    | Reached skill level 5 in Dodging
  3270 | Sewer    | Reached XP level 8. HP: 65/70 MP: 7/7
  3418 | D:5      | Gained mutation: You have a somewhat thin skeletal structure. (Dex +2, Stealth) [mutagenic meat]
  3512 | D:5      | Reached skill level 9 in Axes
  3722 | D:5      | Found a staircase to the Ecumenical Temple.
  4310 | D:6      | Reached XP level 9. HP: 74/79 MP: 8/8
  4322 | D:6      | Reached skill level 10 in Axes
  4656 | D:6      | Found a runed door.
  4922 | D:6      | Noticed Crazy Yiuf
  4926 | D:6      | Killed Crazy Yiuf
  5430 | D:8      | Reached ***** piety under Trog
  5468 | D:8      | Noticed a two-headed ogre
  5475 | D:8      | Killed a two-headed ogre
  5475 | D:8      | Reached skill level 11 in Axes
  5765 | D:9      | Reached XP level 10. HP: 77/90 MP: 9/9
  6217 | D:9      | Reached skill level 12 in Axes
  6609 | D:9      | Found a snail-covered altar of Cheibriados.
  6665 | D:10     | Entered Level 10 of the Dungeon
  6954 | D:10     | Found a staircase to the Lair.
  7039 | D:10     | Killed an unseen horror
  7054 | D:10     | Reached skill level 13 in Axes
  7217 | D:10     | Noticed Manul's ghost (journeyman TrMo)
  7239 | D:10     | Killed Manul's ghost
  7239 | D:10     | Reached XP level 11. HP: 48/99 MP: 10/10
  8328 | Lair:1   | Entered Level 1 of the Lair of Beasts
  8328 | Lair:1   | Noticed a four-headed hydra
  8343 | Lair:1   | Reached skill level 10 in Fighting
  8345 | Lair:1   | Killed a five-headed hydra
  8662 | Lair:1   | Noticed an eight-headed hydra
  8668 | Lair:1   | Killed a nine-headed hydra
  8819 | Lair:1   | Noticed a seven-headed hydra
  8825 | Lair:1   | Killed a seven-headed hydra
  8962 | Lair:1   | You fall through a shaft!
  9289 | Lair:2   | Found a staircase to the Snake Pit.
  9295 | Lair:2   | Reached skill level 10 in Armour
  9365 | Lair:2   | Reached skill level 14 in Axes
  9994 | Lair:3   | Found a staircase to the Shoals.
 10048 | Lair:3   | Reached XP level 12. HP: 96/108 MP: 11/11
 10840 | Lair:3   | Reached skill level 10 in Dodging
 10912 | Lair:4   | Reached skill level 15 in Axes
 10944 | Lair:4   | Noticed Harold
 10970 | Lair:4   | Killed Harold
 11872 | Lair:5   | Received a gift from Trog
 12024 | Lair:5   | Noticed a six-headed hydra
 12028 | Lair:5   | Killed a six-headed hydra
 12122 | Lair:5   | Noticed a four-headed hydra
 12135 | Lair:5   | Reached skill level 16 in Axes
 12136 | Lair:5   | Received a gift from Trog
 12138 | Lair:5   | Killed a ten-headed hydra
 12160 | Lair:5   | Found a viscous altar of Jiyva.
 12169 | Lair:5   | Reached XP level 13. HP: 47/118 MP: 12/12
 12174 | Lair:5   | Received a gift from Trog
 12444 | Lair:5   | Found a staircase to the Slime Pits.
 12732 | Lair:6   | Entered Level 6 of the Lair of Beasts
 12933 | Lair:6   | Reached ****** piety under Trog
 13314 | Lair:6   | Reached skill level 17 in Axes
 13579 | Lair:6   | Paralysed by a hornet for 1 turns
 14244 | Lair:6   | Reached XP level 14. HP: 97/129 MP: 13/13
 14863 | D:11     | Noticed Urug
 14881 | D:11     | Killed Urug
 14955 | D:11     | Found a staircase to the Orcish Mines.
 15214 | D:11     | Received a gift from Trog
 15215 | D:11     | Got a fine battleaxe {god gift}
 15216 | D:11     | Identified the +4 battleaxe "Imp's Death" {holy, rF+ rN++} (Trog gifted it to you on level 11 of the Dungeon)
 15251 | D:11     | Found a glowing golden altar of the Shining One.
 15576 | D:11     | Noticed Snorg
 15591 | D:11     | Slain by Snorg

Vault maps used:
D:1:      dpeg_arrival_snail, minmay_tiny_reverse_x
D:2:      kennysheep_big_flooded_room, lemuel_round_altar,
          guppyfry_early_orc_mine, uniq_sigmund
D:3:      first_bread
D:5:      cheibrodos_barr_body, minmay_temple_entry_junction_2,
          cheibrodos_sewer_entry_bend, kennysheep_generic_room_3
D:6:      serial_glass, glass_columns_c, glass_columns_a, glass_columns_a,
          glass_columns_a, glass_columns_a, glass_columns_a, glass_columns_a,
          glass_columns_a, glass_columns_b, glass_columns_a,
          uniq_crazy_yiuf_cottage
D:9:      blue_anna_alchemist, chei_slow_surprise
D:10:     minmay_lair_entry_lava
D:11:     orc_0_dummy, basic_altar, minmay_misc_feat_diagonals, uniq_snorg,
          uniq_urug
Lair:1:   infiniplex_staircase_pool, grunt_megastairs_1
Lair:2:   guppyfry_snake_entry_island, st_stairs_6, serial_bayou_shore_a
Lair:3:   minmay_shoals_entry_centaurs, serial_forest,
          infiniplex_forest_clump_tiny, infiniplex_forest_clump_medium,
          infiniplex_forest_lined_room_2, infiniplex_forest_pool,
          infiniplex_forest_diagonal, infiniplex_forest_lined_room_3,
          infiniplex_forest_clump_cross, infiniplex_forest_zigzag_2
Lair:4:   grunt_megastairs_2, uniq_harold
Lair:5:   slime_altar_1, special_room
Lair:6:   hangedman_lair_tendril_chambers
Sewer:    sewer_co_tree

Skill      XL: |  1  2  3  4  5  6  7  8  9 10 11 12 13 |
---------------+----------------------------------------+-----
Axes           | 4 5 6 8 9 11 13 14 16 17 | 17.9
Fighting       | 4 5 7 8 9 10 12 13 | 13.3
Armour         | 3 4 5 6 8 9 10 12 13 | 13.2
Dodging        | 3 4 5 6 7 8 9 10 12 | 12.3

Action                   |  1- 3 |  4- 6 |  7- 9 | 10-12 | 13-15 || total
-------------------------+-------+-------+-------+-------+-------++-------
Melee: Hand axe          |    84 |       |       |       |       ||    84
       Headbutt          |     8 |    16 |    66 |   131 |    91 ||   312
       War axe           |       |   100 |   362 |   499 |   302 ||  1263
       Battleaxe         |       |       |       |       |    17 ||    17
Invok: Berserk           |     1 |     2 |     2 |     6 |     5 ||    16
       Brothers in Arms  |       |       |       |     4 |     1 ||     5
  Use: Scroll            |     1 |     1 |    12 |    17 |     3 ||    34
       Potion            |       |       |       |       |     1 ||     1
  Eat: Chunk             |     1 |     7 |    13 |    26 |    15 ||    62
       Fruit             |       |       |     1 |       |     1 ||     2
Armor: Ring mail         |    21 |       |       |       |       ||    21
       Animal skin       |     1 |       |       |       |       ||     1
       Scale mail        |     8 |     2 |       |       |       ||    10
       Chain mail        |       |    34 |       |       |       ||    34
       Plate armour      |       |    21 |   168 |   339 |   214 ||   742
Dodge: Dodged            |    59 |    50 |   148 |   307 |   227 ||   791
